 Dungeon Crawl Stone Soup version 0.24.0-28-g17ded55e90 (webtiles) character file.

Game seed: 4915534466437414268, levelgen mode: deterministic

455 sking99 the Ruffian (level 7, -1/71 HPs)
             Began as an Ogre Transmuter on Nov 12, 2019.
             Slain by a hornet zombie (12 damage)
             ... on level 5 of the Dungeon.
             The game lasted 00:09:36 (6194 turns).

sking99 the Ruffian (Ogre Transmuter)               Turns: 6194, Time: 00:09:37

Health: -1/71      AC:  2    Str: 15    XL:     7   Next: 5%
Magic:  6/11       EV: 19    Int: 16    God:
Gold:   352        SH:  0    Dex: 14    Spells: 7/12 levels left

rFire    . . .     SeeInvis .     - Unarmed
rCold    . . .     Gourm    .   (shield currently unavailable)
rNeg     . . .     Faith    .   (armour currently unavailable)
rPois    x         Spirit   .   (helmet currently unavailable)
rElec    .         Reflect  .   (cloak currently unavailable)
rCorr    .         Harm     .   (gloves unavailable)
MR       .....                  (boots unavailable)
Stlth    +.........             (no amulet)
HPRegen  0.21/turn              (no ring)
MPRegen  0.12/turn              (no ring)

@: spider-form
A: tiny, unfitting armour
a: End Transformation


You were on level 5 of the Dungeon.
You were not hungry.
You were a venomous arachnid creature.
You visited 1 branch of the dungeon, and saw 5 of its levels.
You also visited: Sewer.

You collected 352 gold pieces.

Inventory:

Missiles
 a - 84 arrows
Armour
 b - a +1 robe (melded)
Jewellery
 k - an uncursed ring of magical power {unknown}
 o - an uncursed ring of fire {unknown}
Scrolls
 e - 2 scrolls of remove curse
 n - 2 scrolls of blinking
 p - a scroll of enchant armour
 v - a scroll of amnesia
 x - a scroll of fog
 A - a scroll of teleportation
Potions
 c - 3 potions of curing
 f - a potion of flight
 g - a potion of mutation {unknown}
 h - 2 potions of haste
 i - a potion of lignification {unknown}
 j - a potion of berserk rage {unknown}
 l - 2 potions of ambrosia
 m - 3 potions of heal wounds
 q - 2 potions of invisibility
 s - 3 potions of brilliance {unknown}
 t - a potion of agility {unknown}
 w - 2 potions of might {unknown}
 z - a potion of degeneration {unknown}
Comestibles
 d - 6 rations
 r - 2 chunks of flesh


   Skills:
 + Level 4.6 Fighting
 - Level 1.7 Dodging
 * Level 5.2 Unarmed Combat
 - Level 3.0 Spellcasting
 - Level 3.0 Transmutations
 - Level 1.0 Poison Magic


You had 7 spell levels left.
You knew the following spells:

 Your Spells              Type           Power        Failure   Level  Hunger
b - Sticks to Snakes      Tmut           ##......     21%         2    ##.....
c - Spider Form           Tmut/Pois      #.........   45%         3    ###....

Your spell library contained the following spells:

 Spells                   Type           Power        Failure   Level  Hunger
 Beastly Appendage        Tmut           ##....       16%         1    #......
 Ice Form                 Ice/Tmut       #.......     86%         4    #####..
 Blade Hands              Tmut           ##........   93%         5    ######.


Dungeon Overview and Level Annotations

Branches:
Dungeon (5/15)              Sewer (visited)
 Temple: D:4-7

Altars:
Nemelex Xobeh
Sif Muna
Wu Jian
Yredelemnul
Zin


Innate Abilities, Weirdness & Mutations

You are too large for most types of armour.
((You have tough skin. (AC +1)))


Message History

You have reached level 7!
a - 81 arrows (gained 2)
a - 82 arrows (gained 1)
a - 84 arrows (gained 2)
You now have 352 gold pieces (gained 17).
Your transformation has ended.
Your +1 robe unmelds from your body.
Your magical contamination has completely faded away.
A hornet zombie comes into view.
The hornet zombie hits you! The hornet zombie hits you!
* * * LOW HITPOINT WARNING * * *
The hornet zombie completely misses you.
The hornet zombie hits you.
* * * LOW HITPOINT WARNING * * *
Casting: Spider Form (safe; 24% risk of failure)
Confirm with . or Enter, or press ? or * to list all spells.
You turn into a venomous arachnid creature.
Your +1 robe melds into your body.
The hornet zombie hits you!
You die...

#......#..)...........
#......#....###.......
*#........###_###..##.
#.########,,,,,#####.
#.# ***,,,,,,,,,**#.
#.# *_,,,,,*,,,,,_#.
#.####,,,,*,,,*,,,,#.
#..Z.#,,*,,,,,,,*,,#.
#...s+,,,,,,,,,,,,,#.
#....+,,,,,,,,,,,,,*,
##...#,,*,,,,,,,*,,*,
#####,,,,*,,,*,,,,*,
*_,,,,,*,,,,,_*,
***,,,,,,,,,***,
***,,,,,*** *, ***_***
*, *** *,


You could see a hornet zombie.

Vanquished Creatures
  A centaur (D:5)
  2 big kobolds (Sewer)
  A worker ant (D:5)
  8 adders
  3 river rats (Sewer)
  3 oozes
  5 worms
  A dart slug (D:1)
  4 leopard geckos
  5 orcs (D:3)
  2 ball pythons
  3 giant cockroaches
  2 gnoll zombies (D:2)
  4 hobgoblins
  3 jackals (D:3)
  A quokka (D:3)
  4 bats
  2 frilled lizards (D:1)
  6 goblins
  13 kobolds
  12 rats
85 creatures vanquished.

Notes
Turn   | Place    | Note
-------+----------+-------------------------------------------
     0 | D:1      | sking99 the Ogre Transmuter began the quest for the Orb.
     0 | D:1      | Reached XP level 1. HP: 19/19 MP: 3/3
   148 | D:1      | Reached skill level 3 in Unarmed Combat
   270 | D:1      | Reached XP level 2. HP: 26/28 MP: 5/5
  1205 | D:2      | Reached XP level 3. HP: 36/36 MP: 6/6
  1229 | D:2      | Learned a level 2 spell: Sticks to Snakes
  1233 | D:2      | Learned a level 3 spell: Spider Form
  2079 | D:2      | Found a basalt altar of Yredelemnul.
  2190 | D:3      | Found a faded altar of an unknown god.
  2229 | D:3      | Found an ornate altar of the Wu Jian Council.
  2990 | D:3      | Reached XP level 4. HP: 43/44 MP: 8/8
  3061 | D:3      | HP: 1/44 [adder (4)]
  3068 | D:3      | Reached skill level 1 in Poison Magic
  3717 | D:3      | Found a shimmering blue altar of Sif Muna.
  4004 | D:3      | Reached XP level 5. HP: 30/50 MP: 5/9
  4558 | D:3      | Found a glowing silver altar of Zin.
  5155 | D:4      | Found a glowing drain.
  5168 | Sewer    | Entered a sewer
  5458 | Sewer    | Noticed a big kobold
  5471 | Sewer    | Killed a big kobold
  5471 | Sewer    | Reached skill level 4 in Unarmed Combat
  5471 | Sewer    | Reached XP level 6. HP: 59/62 MP: 6/10
  6039 | D:5      | Entered Level 5 of the Dungeon
  6077 | D:5      | Found the +0 Maxwell's etheric cage {RegenMP+ *Contam rElec
                  | MP+4}
  6083 | D:5      | Found a sparkling altar of Nemelex Xobeh.
  6118 | D:5      | Noticed a sky beast
  6166 | D:5      | Reached skill level 5 in Unarmed Combat
  6166 | D:5      | Reached XP level 7. HP: 32/71 MP: 6/11
  6194 | D:5      | Slain by a hornet zombie

Levels and vault maps discovered:
D:1:      dpeg_arrival_fog, layout_rooms, serial_glass, glass_columns_a,
          glass_columns_c, glass_columns_a, glass_columns_c
D:2:      layout_loops_ring, lemuel_zombie_altar_yredelemnul
D:3:      minmay_skewed_foursquare, layout_loops_corners, lemuel_crystal_altar,
          lemuel_round_altar, zin_statuary,
          chequers_ecumenical_altar_simple_redux, first_ration,
          kennysheep_generic_room_15
D:4:      layout_basic, cheibrodos_sewer_entry_bend, hangedman_decor_opposing,
          chequers_hall_statues_corner_a
D:5:      cheibrodos_fzero, layout_gridville, nemelex_xobeh_ov_fountains_minmay,
          minmay_overflow_temple_hex

Skill      XL: |  1  2  3  4  5  6 |
---------------+-------------------+-----
Unarmed Combat | 3 4 5 |  5.2
Fighting       | 2 3 4 |  4.6
Transmutations | 2 3 |  3.0
Poison Magic   | 1 |  1.0
Spellcasting   | 3 |  3.0
Dodging        | |  1.7

Action                   |  1- 3 |  4- 6 |  7- 9 || total
-------------------------+-------+-------+-------++-------
Melee: Unarmed           |   148 |   255 |       ||   403
       Punch             |     3 |     3 |       ||     6
 Cast: Spider Form       |       |    13 |     1 ||    14
  Use: Potion            |       |     3 |       ||     3
       Scroll            |       |    13 |       ||    13
  Eat: Chunk             |     3 |    10 |       ||    13
       Ration            |     1 |     1 |       ||     2
Armor: Robe              |    24 |    30 |       ||    54
       Skin              |       |     4 |       ||     4
Dodge: Dodged            |    70 |   134 |     1 ||   205
